Map: Tourmaline LE

Players

呆呆软软红红秦心

  • Race: Zerg Zerg
  • League: Grandmaster

A.I. 1 (Very Easy) - Winner!

  • Race: Zerg Zerg

VOD

Have the link to the VOD?

Description

Time

  • Played on: March 18, 2026, 9:56 a.m.
  • Length: 4:32
Show
View Real Time Build Order
Export as new Build Order

呆呆软软红红秦心 Zerg 

Build Orders: 1 Base Baneling Bust, Pool First 

Get SALT Encoding   

  12  0:00  Drone  
  13  0:09  Extractor  
  12  0:24  Spawning Pool  
  12  0:28  Drone  
  12  0:33  Drone  
  13  0:39  Drone  
  14  0:52  Overlord  
  14  1:11  Zergling x4, Metabolic Boost  
  16  1:14  Zergling x2  
  17  1:22  Zergling x2  
  18  1:29  Baneling Nest  
  17  1:33  Zergling x2  
  18  1:44  Zergling x2  
  19  1:54  Zergling x2  
  20  2:08  Hatchery  
  19  2:12  Zergling x2  
  19  2:15  Baneling  
  20  2:17  Baneling  
  20  2:19  Baneling  
  20  2:24  Zergling x2  
  21  2:31  Drone  
  21  2:39  Drone  
  22  2:49  Overlord  
  16  3:03  Zergling x2  
  16  3:10  Drone  
  16  3:11  Queen  
  18  3:21  Zergling x2  
  18  3:22  Zergling x2  
  20  3:27  Baneling  
  20  3:31  Zergling x4  
  22  3:39  Baneling  
  22  3:40  Baneling  
  22  3:44  Zergling x4  
  24  3:50  Queen  
  24  3:54  Zergling x4  
  28  4:09  Zergling x4  
  27  4:16  Baneling  
Show
View Real Time Build Order
Export as new Build Order

A.I. 1 (Very Easy) Zerg - Winner!

Build Orders: Pool Only 

Get SALT Encoding   

  12  0:00  Drone  
  13  0:12  Overlord  
  13  0:16  Drone  
  14  0:35  Spawning Pool  
  13  0:36  Extractor  
  13  0:38  Drone  
  13  0:46  Drone  
  14  0:51  Overlord  
  14  1:22  Zergling x2  
  14  1:24  Queen  
  17  1:31  Roach Warren  
  16  1:35  Drone  
  16  1:38  Extractor  
  16  1:41  Zergling x2  
  16  1:43  Drone  
  18  1:56  Drone  
  18  1:59  Zergling x2  
  20  2:07  Drone  
  21  2:18  Drone  
  22  2:29  Drone  
  23  2:31  Overlord  
  23  2:34  Zergling x2  
  23  2:36  Drone  
  19  2:53  Zergling x2  
  19  2:56  Drone  
  14  3:03  Drone  
  13  3:11  Drone  
  12  3:18  Drone  
  13  3:25  Drone  
  14  3:32  Drone  
  15  3:43  Queen  
  17  3:49  Zergling x2  
  17  4:05  Drone  
  17  4:07  Drone  
Tags
 
Add a new tag
Caveats
  • Supply blocks, unpowered buildings, or Contaminate may cause inaccurate times.
  • Supply counts are checked every 10 seconds.